 Dungeon Crawl Stone Soup version 0.30-a0-161-gdd60e06945 (webtiles) character file.

Game seed: 6807549038598505008

864 qw the Chopper (level 8, -3/49 HPs)
             Began as a Gargoyle Fighter on Sept 27, 2022.
             Killed from afar by Blork the orc (8 damage)
             ... with a puff of frost
             ... on level 4 of the Dungeon.
             The game lasted 00:01:52 (4796 turns).

qw the Chopper (Gargoyle Fighter)                   Turns: 4796, Time: 00:01:53

Health: -3/49      AC: 14    Str: 21    XL:     8   Next: 3%
Magic:  8/8        EV:  9    Int: 10    God:
Gold:   111        SH:  4    Dex:  9    Spells: 7/7 levels left

rFire   + . .      SeeInvis .    Y - +1 war axe
rCold   . . .      Faith    .    c - +0 buckler
rNeg    + . .      Spirit   .    b - +0 scale mail
rPois   inf        Reflect  .    (no helmet)
rElec   +          Harm     .    (no cloak)
rCorr   .          Rampage  .    (no gloves)
Will    +....                    g - +1 pair of boots {Fly}
Stlth   ..........               (no amulet)
HPRegen 0.16/turn                l - ring of willpower
MPRegen 0.11/turn                p - ring of protection from fire

@: flying
A: sickness immunity, AC +5, negative energy resistance 1, electricity
resistance, torment resistance 1, petrification resistance
a: no special abilities


You were on level 4 of the Dungeon.
You visited 1 branch of the dungeon, and saw 4 of its levels.

You collected 255 gold pieces.
You spent 144 gold pieces at shops.


Innate Abilities, Weirdness & Mutations

You are immune to sickness and miasma.
Your stone body is resilient. (AC +5)
You are immune to poison.
You resist negative energy. (rN+)
You are resistant to electric shocks. (rElec)
You are resistant to unholy torment.
You are immune to petrification.


   Skills:
 - Level 5.1 Fighting
 + Level 7.3 Axes
 - Level 3.2 Armour
 - Level 1.3 Dodging
 - Level 3.2 Shields


You had 7 spell levels left.
You didn't know any spells.
Your spell library was empty.

Inventory:

Hand Weapons
 r - a +0 flail
 Y - a +1 war axe (weapon)
Armour
 b - a +0 scale mail (worn)
 c - a +0 buckler (worn)
 e - a +0 plate armour
 g - a +1 pair of boots of flying (worn)
Jewellery
 l - a ring of willpower (left hand)
 p - a ring of protection from fire (right hand)
Scrolls
 h - 3 scrolls of identify
Potions
 a - a potion of attraction
 d - 4 potions of might
 f - 4 potions of curing
 i - a potion of brilliance {unknown}
 j - a potion of haste {unknown}
 m - 2 potions of lignification {unknown}
 q - a potion of mutation {unknown}
 t - a potion of berserk rage {unknown}

Dungeon Overview and Level Annotations

Branches:
Dungeon (4/15)
 Temple: D:4-7

Altars:
Gozag

Shops:
D:2 **!

Annotations:
D:4 Blork the orc


Message History

Blork the orc seems to speed up.
Blork the orc drinks a potion.
Blork the orc seems to grow stronger.
Blork the orc barely misses you.
You hit Blork the orc.
Blork the orc is lightly wounded.
Blork the orc hits you with a +0 war axe!
You closely miss Blork the orc.
Blork the orc is lightly wounded.
Blork the orc hits you with a +0 war axe.
You block Blork the orc's attack.
You closely miss Blork the orc.
Blork the orc is lightly wounded.
Blork the orc hits you with a +0 war axe!
You block Blork the orc's attack.
You closely miss Blork the orc.
Blork the orc is lightly wounded.
You block Blork the orc's attack.
Blork the orc hits you with a +0 war axe!
You hit Blork the orc but do no damage.
Blork the orc is lightly wounded.
Blork the orc misses you.
You barely miss Blork the orc.
Blork the orc is lightly wounded.
You block Blork the orc's attack.
Blork the orc gestures at you while chanting.
The puff of flame hits you. You resist.
You slash Blork the orc!
Blork the orc is heavily wounded.
Blork the orc gestures at you while chanting.
The puff of frost hits you. Blork the orc barely misses you.
You barely miss Blork the orc.
Blork the orc is heavily wounded.
You block Blork the orc's attack.
Blork the orc hits you but does no damage.
You barely miss Blork the orc.
Blork the orc is heavily wounded.
Blork the orc hits you with a +0 war axe!
Blork the orc points at you and mumbles some strange words.
The puff of frost hits you!
You die...

#..........)#)#######.#
#.....)....)#[.)......#
#...........##.).....##
#...........###)####..###
#...........'...# ##....
#...........#############
#...........#### #.....#
#............... #.....##
#.......@....... #.......
########.o...... ####....
#........ #.... #:.......
#.... #........ #....
#........ #.).. #........
##### #........


You could see Blork the orc (fast, strong).

Vanquished Creatures
  Eustachio (D:4)
  An orc warrior (D:4)
  2 ogres
  A scorpion (D:4)
  A howler monkey (D:4)
  2 orc priests (D:4)
  2 hounds (D:4)
  Ijyb (D:4)
  3 orc wizards (D:4)
  4 adders
  4 worms
  3 dart slugs
  12 orcs
  7 endoplasms
  4 giant cockroaches
  7 goblins
  12 hobgoblins
  4 jackals (D:2)
  4 quokkas
  3 ball pythons
  8 bats
  4 frilled lizards
  10 kobolds
  8 rats
108 creatures vanquished.

Notes
Turn   | Place    | Note
-------+----------+-------------------------------------------
     0 | D:1      | qw the Gargoyle Fighter began the quest for the Orb.
     0 | D:1      | Reached XP level 1. HP: 14/14 MP: 1/1
     0 | D:1      | 0 ||| qw: Version: 0.2-a-10-g37ed214
     0 | D:1      | 0 ||| qw: Game counter: 625
     0 | D:1      | 0 ||| qw: Always use a shield: true
     0 | D:1      | 0 ||| qw: God list: Okawaru
     0 | D:1      | 0 ||| qw: Allow faded altars: false
     0 | D:1      | 0 ||| qw: Do Orc after D:15 true
     0 | D:1      | 0 ||| qw: Do second Lair branch before Depths: true
     0 | D:1      | 0 ||| qw: Lair rune preference: random
     0 | D:1      | 0 ||| qw: Plans: Normal, Zot:1-4, God:TSO, Crypt, Tomb,
                  | Pan, Slime:5, Hells, Abyss, Orb
     0 | D:1      | 0 ||| PLANNING D:1-11
    75 | D:1      | Reached skill level 2 in Axes
   133 | D:1      | 133 ||| Stepping ~*~*~tactically~*~*~ (stealth).
   135 | D:1      | 135 ||| Stepping ~*~*~tactically~*~*~ (stealth).
   149 | D:1      | Reached XP level 2. HP: 17/19 MP: 2/2
   220 | D:1      | 220 ||| Stepping ~*~*~tactically~*~*~ (stealth).
   306 | D:1      | 306 ||| Stepping ~*~*~tactically~*~*~ (stealth).
   701 | D:1      | Reached skill level 3 in Axes
   701 | D:1      | 701 ||| Stepping ~*~*~tactically~*~*~ (stealth).
   715 | D:1      | 715 ||| Stepping ~*~*~tactically~*~*~ (stealth).
   717 | D:1      | 717 ||| Stepping ~*~*~tactically~*~*~ (stealth).
   719 | D:1      | 719 ||| Stepping ~*~*~tactically~*~*~ (stealth).
   747 | D:1      | Reached XP level 3. HP: 23/23 MP: 3/3
   832 | D:1      | 832 ||| UPGRADING to +1 pair of boots of flying.
   837 | D:1      | 837 ||| UPGRADING to ring of willpower.
   838 | D:1      | 838 ||| READING scroll labelled LIAFIU AREOCWEIZ.
   839 | D:1      | 839 ||| DRINKING 2 pink potions.
  1089 | D:2      | Found Wovayl's General Store.
  1102 | D:2      | 1102 ||| DROPPING +0 club.
  1104 | D:2      | 1104 ||| SHOPLISTING +0 scale mail of willpower (154 gold,
                  | have 93).
  1104 | D:2      | 1104 ||| SHOPLISTING scroll of enchant weapon (105 gold,
                  | have 93).
  1114 | D:2      | 1114 ||| FLEEEEING.
  1115 | D:2      | 1115 ||| FLEEEEING.
  1349 | D:2      | 1349 ||| DROPPING +0 whip.
  1499 | D:2      | Reached XP level 4. HP: 28/28 MP: 4/4
  1576 | D:2      | 1576 ||| Stepping ~*~*~tactically~*~*~ (stealth).
  1848 | D:2      | Reached skill level 4 in Axes
  1857 | D:2      | Found Voptaug's Distillery.
  1873 | D:2      | 1873 ||| BUYING 2 potions of curing (72 gold).
  1873 | D:2      | Bought 2 potions of curing for 72 gold pieces
  1873 | D:2      | 1873 ||| BUYING 2 potions of curing (72 gold).
  1873 | D:2      | Bought 2 potions of curing for 72 gold pieces
  1873 | D:2      | 1873 ||| SHOPLISTING 2 potions of lignification (72 gold,
                  | have 13).
  1873 | D:2      | 1873 ||| SHOPLISTING 2 potions of might (96 gold, have 13).
  1873 | D:2      | 1873 ||| SHOPLISTING potion of curing (36 gold, have 13).
  1873 | D:2      | 1873 ||| SHOPLISTING potion of might (48 gold, have 13).
  1873 | D:2      | 1873 ||| SHOPLISTING potion of mutation (96 gold, have 13).
  1973 | D:2      | Found Gearick's Assorted Antiques.
  1991 | D:2      | 1991 ||| SHOPLISTING dented silver amulet (155 gold, have
                  | 13).
  1991 | D:2      | 1991 ||| SHOPLISTING potion of curing (93 gold, have 13).
  1991 | D:2      | 1991 ||| SHOPLISTING scroll labelled ARUTZO LECS (31 gold,
                  | have 13).
  1991 | D:2      | 1991 ||| SHOPLISTING scroll labelled FEIKOB TAONAKO (31
                  | gold, have 13).
  1991 | D:2      | 1991 ||| SHOPLISTING sedimented green potion (27 gold, have
                  | 13).
  2094 | D:2      | 2094 ||| DROPPING ring of flight.
  2095 | D:2      | 2095 ||| UPGRADING to ring of protection from fire.
  2096 | D:2      | 2096 ||| READING scroll labelled FEIKOB TAONAKO.
  2097 | D:2      | 2097 ||| READING scroll labelled ROIRHI XAYST.
  2098 | D:2      | 2098 ||| READING scroll labelled KATHRA AKODUHE.
  2102 | D:2      | 2102 ||| DRINKING 2 glowing white potions.
  2203 | D:2      | 2203 ||| READING 3 scrolls of identify.
  2203 | D:2      | 2203 ||| IDENTIFYING fizzy ruby potion
  2204 | D:2      | 2204 ||| READING 2 scrolls of identify.
  2204 | D:2      | 2204 ||| IDENTIFYING fuming clear potion
  2205 | D:2      | 2205 ||| DROPPING potion of degeneration.
  2206 | D:2      | 2206 ||| DROPPING potion of ambrosia.
  2245 | D:3      | Found a faded altar of an unknown god.
  2263 | D:3      | 2263 ||| Stepping ~*~*~tactically~*~*~ (stealth).
  2381 | D:3      | 2381 ||| Stepping ~*~*~tactically~*~*~ (stealth).
  2409 | D:3      | Noticed an ogre
  2413 | D:3      | HP: 5/28 [ogre/+0 giant club (16)]
  2414 | D:3      | 2414 ||| DRINKING potion of heal wounds.
  2418 | D:3      | Killed an ogre
  2419 | D:3      | Reached skill level 5 in Axes
  2419 | D:3      | Reached XP level 5. HP: 16/32 MP: 5/5
  2430 | D:3      | 2430 ||| FLEEEEING.
  2431 | D:3      | 2431 ||| FLEEEEING.
  2435 | D:3      | 2435 ||| FLEEEEING.
  2436 | D:3      | 2436 ||| FLEEEEING.
  2440 | D:3      | 2440 ||| FLEEEEING.
  2441 | D:3      | 2441 ||| STAIRDANCE
  2580 | D:3      | 2580 ||| Stepping ~*~*~tactically~*~*~ (stealth).
  2584 | D:3      | 2584 ||| Stepping ~*~*~tactically~*~*~ (stealth).
  2645 | D:3      | 2645 ||| Stepping ~*~*~tactically~*~*~ (stealth).
  3088 | D:3      | 3088 ||| READING scroll labelled MAR PIOHEMUT.
  3089 | D:3      | 3089 ||| READING scroll labelled UPPIAT RAOGH.
  3090 | D:3      | 3090 ||| DRINKING 2 smoky grey potions.
  3160 | D:4      | Noticed Eustachio
  3195 | D:4      | Killed Eustachio
  3196 | D:4      | Reached XP level 6. HP: 22/40 MP: 6/6
  3359 | D:4      | 3359 ||| Stepping ~*~*~tactically~*~*~ (hiding).
  3459 | D:4      | 3459 ||| Stepping ~*~*~tactically~*~*~ (stealth).
  3460 | D:4      | 3460 ||| Stepping ~*~*~tactically~*~*~ (stealth).
  3524 | D:4      | Reached skill level 1 in Dodging
  3524 | D:4      | Noticed Blork the orc
  3525 | D:4      | 3525 ||| FLEEEEING.
  3575 | D:4      | Reached XP level 7. HP: 44/44 MP: 7/7
  3598 | D:4      | 3598 ||| Stepping ~*~*~tactically~*~*~ (stealth).
  3829 | D:4      | Found an opulent altar of Gozag.
  4186 | D:4      | 4186 ||| Stepping ~*~*~tactically~*~*~ (hiding).
  4193 | D:4      | Reached skill level 6 in Axes
  4216 | D:4      | HP: 8/44 [orc warrior/+0 mace (5)]
  4217 | D:4      | 4217 ||| READING scroll of teleportation.
  4218 | D:4      | 4218 ||| DRINKING potion of heal wounds.
  4320 | D:4      | 4320 ||| DRINKING 5 potions of curing.
  4320 | D:4      | 4320 ||| (to cure confusion)
  4395 | D:4      | 4395 ||| Stepping ~*~*~tactically~*~*~ (hiding).
  4406 | D:4      | Reached skill level 7 in Axes
  4421 | D:4      | 4421 ||| Stepping ~*~*~tactically~*~*~ (stealth).
  4422 | D:4      | 4422 ||| Stepping ~*~*~tactically~*~*~ (stealth).
  4552 | D:4      | 4552 ||| FLEEEEING.
  4553 | D:4      | 4553 ||| FLEEEEING.
  4554 | D:4      | 4554 ||| FLEEEEING.
  4684 | D:4      | Reached XP level 8. HP: 49/49 MP: 8/8
  4703 | D:4      | Noticed Ijyb
  4708 | D:4      | Killed Ijyb
  4796 | D:4      | HP: 5/49 [Blork the orc/+0 war axe (10)]
  4796 | D:4      | Killed from afar by Blork the orc

Levels and vault maps discovered:
D:1:      wander_arrival_peaceful_grave, layout_basic, minmay_quantized
D:2:      layout_basic, serial_shops, nicolae_shop_advertising_works
          [nicolae_subvault_shop_adworks], shop, nicolae_shop_crystal,
          minmay_randomly_rotated_circles
D:3:      layout_basic, ebering_ecumenical_altar_webs, hangedman_decor_opposing
D:4:      layout_basic, grunt_gozag_statues, uniq_ijyb, uniq_blork_the_orc,
          uniq_eustachio

Skill      XL: |  1  2  3  4  5  6  7 |
---------------+----------------------+-----
Axes           | 2 3 5 7 |  7.3
Fighting       | 5 |  5.1
Dodging        | 1 |  1.3
Armour         | |  3.2
Shields        | |  3.2

Action                   |  1- 3 |  4- 6 |  7- 9 || total
-------------------------+-------+-------+-------++-------
Melee: War axe           |   104 |   156 |   102 ||   362
  Use: Scroll            |     1 |     7 |     1 ||     9
       Potion            |     1 |     3 |     2 ||     6
Armor: Scale mail        |    45 |    91 |    50 ||   186
Dodge: Dodged            |    42 |    78 |    31 ||   151
Block: Buckler           |    18 |    32 |    16 ||    66

Table legend:
 A = Non-vault XP
 B = Vault XP
 C = Vault XP percentage of total XP
 D = Non-vault monster count
 E = Vault monster count
 F = Vault count percentage of total count
                 A         B        C        D         E       F
            +---------+---------+-------+---------+---------+-------
      Total |     993 |     242 |  19.6 |      95 |      13 |  12.0
            +---------+---------+-------+---------+---------+-------
        D:1 |      27 |       7 |  20.6 |      19 |       5 |  20.8
        D:2 |      71 |       8 |  10.1 |      23 |       6 |  20.7
        D:3 |     180 |       0 |   0.0 |      23 |       0 |   0.0
        D:4 |     715 |     227 |  24.1 |      30 |       2 |   6.2
            +---------+---------+-------+---------+---------+-------
